 Dungeon Crawl Stone Soup version 0.25.0-1-g7eea58d2a3 (console) character file.

Game seed: 7797358056651019765

37 Garrluk the Firebug (level 3, -3/19 HPs)
             Began as a Deep Elf Fire Elementalist on June 14, 2020.
             Slain by Terence
             ... wielding a +0 flail
              (10 damage)
             ... on level 1 of the Dungeon.
             The game lasted 00:06:22 (1683 turns).

Garrluk the Firebug (Deep Elf Fire Elementalist)    Turns: 1683, Time: 00:06:24

Health: -3/19      AC:  2    Str:  5    XL:     3   Next: 23%
Magic:  2/10       EV: 13    Int: 20    God:
Gold:   62         SH:  0    Dex: 15    Spells: 5/9 levels left

rFire    . . .     SeeInvis .   d - +0 dagger
rCold    . . .     Gourm    .   (no shield)
rNeg     . . .     Faith    .   a - +0 robe
rPois    .         Spirit   .   (no helmet)
rElec    .         Reflect  .   (no cloak)
rCorr    .         Harm     .   (no gloves)
MR       .....                  (no boots)
Stlth    ++........             (no amulet)
HPRegen  0.06/turn              (no ring)
MPRegen  0.12/turn              (no ring)

@: no status effects
A: no striking features
a: no special abilities


You were on level 1 of the Dungeon.
You were hungry.

You visited 1 branch of the dungeon, and saw 2 of its levels.

You collected 62 gold pieces.

Inventory:

Hand Weapons
 d - a +0 dagger (weapon)
Armour
 a - a +0 robe (worn)
Scrolls
 g - 2 scrolls of identify {unknown}
Potions
 e - a potion of curing {unknown}
 f - a potion of might {unknown}
Comestibles
 c - a ration


   Skills:
 - Level 2.4 Dodging
 - Level 2.4 Stealth
 + Level 3.6 Spellcasting
 * Level 2.6 Conjurations
 + Level 3.6 Fire Magic


You had 5 spell levels left.
You knew the following spells:

 Your Spells              Type           Power        Failure   Level  Hunger
a - Foxfire               Conj/Fire      ###.         3%          1    None
c - Conjure Flame         Conj/Fire      ###.....     11%         3    ###....

Your spell library contained the following spells:

 Spells                   Type           Power        Failure   Level  Hunger
 Inner Flame              Hex/Fire       ##......     19%         3    ###....
 Sticky Flame             Conj/Fire      ###.....     36%         4    ####...
 Fireball                 Conj/Fire      ###.......   71%         5    ######.


Dungeon Overview and Level Annotations

Branches:
Dungeon (2/15)

Altars:

Annotations:
D:1 Terence


Message History

Confirm with . or Enter, or press ? or * to list all spells.
You conjure some foxfire!
Terence misses you.
Casting: Foxfire (safe; 3% risk of failure)
Confirm with . or Enter, or press ? or * to list all spells.
You conjure some foxfire!
The foxfire hits Terence but does no damage.
Terence is severely wounded.
The foxfire hits Terence.
Terence is almost dead.
Terence closely misses you.
Casting: Foxfire (safe; 3% risk of failure)
Confirm with . or Enter, or press ? or * to list all spells.
You conjure some foxfire!
The foxfire hits Terence but does no damage.
Terence is almost dead.
The foxfire hits Terence.
Terence is almost dead.
Terence hits you with a +0 flail!
Ouch! That really hurt!
You die...

#.# #......(......# #.#
##...####.###.# #.# #..#####.#
#.# #.#### #........# #.# #....#
##.####### #.# ####.# ##'##
#.###### #.# ##...## #....... #>#
##.....## #....... ##.##
##.......## ##....##.
#####...####....@v...####...#.##.
...........'....@....'...........
#####...####....v§...####...####.
##.## ##.......## #..#####. #.#
##.....## #........ ##.## ##...##
#.####### ##...## ##'## #@#
#.#.#.# #.# #.# ##...## ####.####
#.# ##.######.......# #.#
#........#...#.#####>#
#.#####..............#


You could see Terence.

Vanquished Creatures
  An ooze (D:2)
  A dart slug (D:1)
  2 leopard geckos (D:1)
  2 bats
  2 giant cockroaches (D:1)
  3 goblins
  4 hobgoblins
  3 frilled lizards
  6 kobolds
  4 rats
28 creatures vanquished.

Vanquished Creatures (others)
  69 foxfires
69 creatures vanquished.

Grand Total: 97 creatures vanquished

Notes
Turn   | Place    | Note
-------+----------+-------------------------------------------
     0 | D:1      | Garrluk the Deep Elf Fire Elementalist began the quest for
                  | the Orb.
     0 | D:1      | Reached XP level 1. HP: 10/10 MP: 6/6
   401 | D:1      | Reached XP level 2. HP: 15/15 MP: 5/8
  1106 | D:2      | Reached XP level 3. HP: 18/19 MP: 5/10
  1111 | D:2      | Learned a level 3 spell: Conjure Flame
  1394 | D:2      | Noticed Terence
  1683 | D:1      | Slain by Terence

Illustrated notes

Levels and vault maps discovered:
D:1:      mrwooster_arrival_statue_3, layout_loops_corners
D:2:      layout_basic, uniq_natasha, uniq_terence

Skill      XL: |  1  2 |
---------------+-------+-----
Conjurations   | 2 |  2.6
Dodging        | |  2.4
Stealth        | |  2.4
Spellcasting   | |  3.6
Fire Magic     | |  3.6

Action                   || total
-------------------------++-------
Melee: Dagger            ||     7
 Cast: Foxfire           ||    46
       Conjure Flame     ||     8
 Stab: Sleeping          ||     5
  Eat: Chunk             ||     2
Armor: Robe              ||     5
Dodge: Dodged            ||    19
